 Dungeon Crawl Stone Soup version 0.25-a0-474-ga8a2ee3166 (webtiles) character file.

Game seed: 810796895826232271, levelgen mode: deterministic

58313 mopl the Grappler (level 14, -2/177 HPs)
             Began as a Minotaur Transmuter on Feb 6, 2020.
             Was the Champion of Cheibriados.
             Killed by divine providence
             ... invoked by Saint Roka
              (13 damage)
             ... on level 2 of the Orcish Mines on Feb 7, 2020.
             The game lasted 00:55:32 (19494 turns).

mopl the Grappler (Minotaur Transmuter)            Turns: 19494, Time: 00:55:34

Health: -2/177     AC: 27    Str: 31    XL:     14   Next: 49%
Magic:  8/20       EV:  2    Int: 29    God:    Cheibriados [******]
Gold:   1735       SH:  0    Dex: 26    Spells: 2/23 levels left

rFire    . . .     SeeInvis .     - Unarmed
rCold    . . .     Gourm    .   (no shield)
rNeg     + + +     Faith    .   (armour currently unavailable)
rPois    +         Spirit   .   (helmet currently unavailable)
rElec    .         Reflect  .   (cloak currently unavailable)
rCorr    .         Harm     .   (gloves currently unavailable)
MR       ++...     NoTele   +   (boots currently unavailable)
Stlth    ++++......             (no amulet)
HPRegen  0.39/turn              j - ring of protection from magic
MPRegen  0.17/turn              T - ring of poison resistance

@: tree-form, very slightly contaminated, invisible, very slow
A: (retaliatory headbutt)
a: Bend Time, Temporal Distortion, Slouch, Step From Time, Renounce Religion


You were on level 2 of the Orcish Mines.
You worshipped Cheibriados.
Cheibriados was exalted by your worship.
You were not hungry.
You were a tree.
You visited 3 branches of the dungeon, and saw 20 of its levels.
You also visited: Ice Cave and Volcano.

You collected 2071 gold pieces.
You spent 336 gold pieces at shops.

Inventory:

Hand Weapons
 b - the +9 demon blade "Seudih" {flame, Str-2 Int-3 SInv Stlth+}
   (You found it in an ice cave)

   It has been specially enchanted to burn those struck by it, causing extra
   injury to most foes and up to half again as much damage against particularly
   susceptible opponents.
   Big, fiery blades are also staple armaments of hydra-hunters.
   It affects your strength (-2).
   It affects your intelligence (-3).
   It lets you see invisible.
   It makes you more stealthy.
 o - the +6 trident "Lorem Ipsum" {drain, rElec rF+}
   (You took it off a crimson imp on level 8 of the Dungeon)

   A truly terrible weapon, it drains the life of those it strikes.
   It protects you from fire.
   It insulates you from electricity.
Missiles
 a - 285 arrows
 k - 18 boomerangs (quivered)
 q - 3 javelins
 v - 15 silver boomerangs
 H - 52 poisoned darts
 N - 11 curare-tipped darts
Armour
 s - a +3 plate armour of poison resistance
 w - a scarf of resistance (melded)
 y - a +0 pair of gloves (melded)
 F - the +3 ring mail of Least Resistance (melded) {+Fly rC- MR+ Regen+}
   (You found it on level 8 of the Dungeon)

   It makes you vulnerable to cold.
   It affects your resistance to hostile enchantments.
   It lets you fly.
   It increases your rate of regeneration.
   If you remove this armour, your AC will rise 0 points (27 -> 27)
 X - a +0 buckler
Jewellery
 j - a ring of protection from magic (left branch)
 T - a ring of poison resistance (right branch)
Wands
 r - a wand of digging (6)
 x - a wand of enslavement (21)
 I - a wand of iceblast (5)
 M - a wand of acid (16)
 P - a wand of scattershot (5)
 Q - a wand of clouds (3)
 R - a wand of polymorph (9)
 S - a wand of flame (51)
Scrolls
 g - 11 scrolls of teleportation
 n - a scroll of torment {!r}
 t - 9 scrolls of remove curse
 u - 3 scrolls of fear
 B - 2 scrolls of immolation
 K - 2 scrolls of identify
 L - 2 scrolls of blinking
 O - a scroll of vulnerability
 W - a scroll of magic mapping
Potions
 d - 6 potions of brilliance
 e - 3 potions of curing
 f - 2 potions of agility
 h - a potion of flight
 i - 8 potions of lignification {!q}
 m - 3 potions of might
 z - 7 potions of magic
 G - a potion of cancellation
 U - 2 potions of ambrosia
 V - a potion of resistance
Miscellaneous
 p - a lightning rod (4/4)
 J - a lamp of fire
Comestibles
 c - 38 rations
 l - 3 chunks of flesh


   Skills:
 + Level 9.5 Fighting
 + Level 6.5 Throwing
 + Level 0.2 Armour
 + Level 9.6 Dodging
 - Level 5.0 Stealth
 + Level 11.5 Unarmed Combat
 * Level 5.1 Spellcasting
 + Level 10.2 Transmutations
 - Level 3.0 Ice Magic
 + Level 4.6 Poison Magic
 + Level 10.0 Invocations
 + Level 5.3 Evocations


You had 2 spell levels left.
You knew the following spells:

 Your Spells              Type           Power        Failure   Level  Hunger
a - Frozen Ramparts       Ice            ###...       5%          3    #......
b - Spider Form           Tmut/Pois      ######....   1%          3    #......
c - Blade Hands           Tmut           ######....   2%          5    #####..
d - Ice Form              Ice/Tmut       #####...     4%          4    ###....
o - Olgreb's Toxic Radia  Pois           ####....     9%          4    ###....
w - Sticks to Snakes      Tmut           ######..     1%          2    None

Your spell library contained the following spells:

 Spells                   Type           Power        Failure   Level  Hunger
 Beastly Appendage        Tmut           ######       1%          1    None
 Freeze                   Ice            ###.         1%          1    None
 Sting                    Tmut/Pois      ####         1%          1    None
 Poisonous Vapours        Pois/Air       ###...       3%          2    None
 Magic Dart               Conj           #...         6%          1    None
 Summon Small Mammal      Summ           #...         6%          1    None
 Call Imp                 Summ           #.......     10%         2    None
 Searing Ray              Conj           #.....       10%         2    None
 Ignite Poison            Fire/Tmut/Pois #####...     2%          3    #......
 Mephitic Cloud           Conj/Pois/Air  ###.....     10%         3    #......
 Ozocubu's Armour         Chrm/Ice       ###.....     10%         3    #......
 Hydra Form               Tmut           ######....   14%         6    ######.
 Call Canine Familiar     Summ           #.......     19%         3    #......
 Dazzling Flash           Conj/Hex       #.....       19%         3    #......
 Summon Guardian Golem    Hex/Summ       #.......     19%         3    #......
 Irradiate                Conj/Tmut      #####.....   22%         5    #####..
 Hailstorm                Conj/Ice       ###.....     32%         4    ###....
 Summon Ice Beast         Ice/Summ       ###.....     32%         4    ###....
 Fulminant Prism          Conj/Hex       #.........   52%         4    ###....
 Iskenderun's Mystic Bla  Conj/Tloc      #.......     52%         4    ###....
 Leda's Liquefaction      Hex/Erth       #.........   52%         4    ###....
 Summon Lightning Spire   Summ/Air       #.......     52%         4    ###....
 Dragon Form              Tmut           ######....   63%         7    #######
 Statue Form              Tmut/Erth      #####....    75%         6    ######.
 Bolt of Magma            Conj/Fire/Erth #.........   86%         5    #####..
 Iron Shot                Conj/Erth      #.........   100%        6    ######.
 Shatter                  Erth           #.........   100%        9    #######


Dungeon Overview and Level Annotations

Branches:
Dungeon (12/15)            Temple (0/1) D:7            Lair (6/6) D:10
  Swamp (0/4) Lair:2        Snake (0/4) Lair:4        Slime (0/5) Lair:6
    Orc (2/2) D:12          IceCv (visited)         Volcano (visited)
    Elf: Orc:2

Altars:
Ashenzari
Cheibriados
Gozag
Hepliaklqana
Makhleb
Nemelex Xobeh
Okawaru
Qazlal
Ru
Sif Muna
Wu Jian
Yredelemnul
Zin
The Shining One

Shops:
D:5 (   D:7 !

Portals:
Trove: D:11 (show slimy rune of Zot)

Annotations:
D:10 3 runed translucent doors
Lair:6 2 transporters, Ewnywnom's ghost, journeyman OpTm
Orc:2 Saint Roka


Innate Abilities, Weirdness & Mutations

((You reflexively headbutt those who attack you in melee.))
((You have a pair of horns on your head.))


Message History

Evoke which item? (* to show all) (? for menu, Esc to quit)
Aiming: Corrosive Bolt
Press: ? - help, Shift-Dir - straight line, f/p - Saint Roka
Aim: Saint Roka, wielding a +4 vampiric glaive and wearing a +4 plate armour of magic resistance (noxious fumes, moderately wounded, poisoned)
The bolt of acid hits Saint Roka!
Saint Roka is splashed with acid!
Saint Roka is heavily wounded.
Saint Roka is engulfed in noxious fumes.
Saint Roka hits you from afar with a +4 vampiric glaive!!
* * * LOW HITPOINT WARNING * * *
Evoke which item? (* to show all) (? for menu, Esc to quit)
Aiming: Corrosive Bolt
Press: ? - help, Shift-Dir - straight line, f/p - Saint Roka
Aim: Saint Roka, wielding a +4 vampiric glaive and wearing a +4 plate armour of magic resistance (noxious fumes, heavily wounded, poisoned)
The bolt of acid hits Saint Roka.
Saint Roka is splashed with acid.
The acid corrodes Saint Roka!
Saint Roka is heavily wounded.
Saint Roka is engulfed in noxious fumes.
Saint Roka invokes the aid of Beogh against you.
Beogh smites you!
You die...

#...............#...........####
##............<................##
........................##......#
.........#............###.......#
........###........#.## ###[.....
........##......).....####[......
....................§)[.......##.
#.................§☼§[).)......##
....#...........♣§o§§.[.......##
#..#.........#..##§#§........##
#####........#####.##[...)...# #
##.#......# #...)[)...#.##
######.......## ##.###....###
..##.##.....## ### #..)##
.##...#....## ##)).##
...#.#...### #.†.o### .....##.##
##..§..#


You could see Saint Roka.

Vanquished Creatures
  Kirke (Lair:4)
  A stone giant (Orc:2)
  Erolcha (D:10)
  Josephine (D:10)
  4 hydras
  A two-headed ogre (Orc:2)
  A catoblepas (Lair:4)
  8 death yaks
  An orc high priest (Orc:2)
  A hell knight (Volcano)
  Nergalle (Orc:1)
  A salamander mystic (Volcano)
  An orc sorcerer (Orc:1)
  2 ugly things (D:11)
  A cyclops (D:11)
  4 salamanders (Volcano)
  2 ice statues (IceCv)
  Maurice (D:10)
  5 black mambas
  A gargoyle (D:11)
  5 spiny frogs
  3 komodo dragons
  A rime drake (Lair:6)
  7 ice devils (IceCv)
  A queen bee (D:8)
  5 trolls
  A polar bear (Lair:6)
  A tyrant leech (D:11)
  A bog body (Lair:2)
  9 dream sheep (Lair:6)
  2 hippogriffs
  3 hornets (Lair:6)
  3 wraiths
  13 spriggans (Lair:6)
  2 wyverns
  48 yaks
  3 fire bats (Volcano)
  3 basilisks
  6 hogs (Lair:4)
  A steam dragon (D:10)
  4 wargs
  2 swamp worms (D:11)
  9 water moccasins
  11 porcupines
  Duvessa (D:4)
  2 hell hounds (Lair:1)
  19 orc warriors
  7 black bears
  11 ice beasts
  2 sky beasts
  A phantom (D:4)
  4 boggarts (Lair:6)
  10 ogres
  A necrophage (D:12)
  9 centaurs
  20 wolves
  9 crocodiles
  2 big kobolds
  Blork the orc (D:4)
  11 bullfrogs
  Dowan (D:4)
  2 scorpions
  19 killer bees (D:8)
  4 wights (D:11)
  7 howler monkeys
  An electric eel (Lair:2)
  4 crimson imps
  6 lava snakes (Volcano)
  2 jellies
  2 centaur skeletons
  21 orc priests
  2 bullfrog skeletons
  A gnoll shaman (D:7)
  3 hounds
  19 orc wizards
  Jessica (D:2)
  15 worker ants
  Natasha (thrice) (D:2)
  4 iguanas
  3 hound skeletons
  11 adders
  14 gnolls
  8 river rats (D:6)
  A shadow imp (D:11)
  7 white imps (IceCv)
  5 ufetubi (IceCv)
  2 adder skeletons
  An adder zombie (D:6)
  3 worms
  2 dart slugs (D:1)
  6 leopard geckos
  52 orcs
  2 ball pythons (Lair:4)
  10 giant cockroaches
  9 goblins
  6 hobgoblins
  15 jackals
  14 kobolds
  3 quokkas
  7 bats
  4 frilled lizards
  A jackal zombie (D:9)
  20 rats
  A fungus (Lair:1)
  A plant (Lair:2)
618 creatures vanquished.

Vanquished Creatures (collateral kills)
  A salamander (Volcano)
  Grinder (D:4)
  An adder (D:4)
  A gnoll (D:4)
4 creatures vanquished.

Vanquished Creatures (others)
  A reaper (IceCv)
  6 white imps (IceCv)
  4 ufetubi (IceCv)
  11 fungi
  14 plants
36 creatures vanquished.

Grand Total: 658 creatures vanquished

Notes
Turn   | Place    | Note
-------+----------+-------------------------------------------
     0 | D:1      | mopl the Minotaur Transmuter began the quest for the Orb.
     0 | D:1      | Reached XP level 1. HP: 16/16 MP: 1/1
    96 | D:1      | Reached XP level 2. HP: 17/23 MP: 3/3
   357 | D:1      | Learned a level 2 spell: Sticks to Snakes
   405 | D:1      | Reached skill level 2 in Spellcasting
   441 | D:1      | Reached skill level 2 in Transmutations
   496 | D:1      | Reached XP level 3. HP: 25/28 MP: 5/5
   503 | D:1      | Learned a level 3 spell: Spider Form
   755 | D:2      | Noticed a scorpion
   764 | D:2      | Killed a scorpion
   764 | D:2      | Reached XP level 4. HP: 34/35 MP: 2/6
   771 | D:2      | Noticed Jessica
   795 | D:2      | Killed Jessica
   795 | D:2      | Reached skill level 4 in Unarmed Combat
   891 | D:2      | Found a glowing golden altar of the Shining One.
   908 | D:2      | Became a worshipper of the Shining One
  1055 | D:2      | Noticed Natasha
  1070 | D:2      | Killed Natasha
  1070 | D:2      | Reached skill level 1 in Poison Magic
  1070 | D:2      | Reached XP level 5. HP: 27/40 MP: 2/8
  1104 | D:2      | Noticed Natasha
  1114 | D:2      | HP: 2/40 [Natasha (10)]
  1115 | D:2      | Killed Natasha
  1479 | D:2      | Found a faded altar of an unknown god.
  1600 | D:2      | Noticed Natasha
  1608 | D:2      | Killed Natasha
  1725 | D:3      | Reached skill level 1 in Invocations
  1732 | D:3      | Reached skill level 3 in Spellcasting
  1753 | D:3      | Learned a level 4 spell: Ice Form
  2104 | D:3      | Found a burning altar of Makhleb.
  2105 | D:3      | Reached skill level 5 in Dodging
  2105 | D:3      | Reached skill level 7 in Unarmed Combat
  2105 | D:3      | Reached skill level 5 in Transmutations
  2105 | D:3      | Reached skill level 2 in Ice Magic
  2105 | D:3      | Reached skill level 5 in Invocations
  2105 | D:3      | Reached XP level 6. HP: 47/47 MP: 9/9
  2106 | D:3      | Found a glowing silver altar of Zin.
  2106 | D:3      | Noticed an angel
  2107 | D:3      | Noticed an Executioner
  2404 | D:4      | Reached XP level 7. HP: 52/52 MP: 10/10
  2490 | D:4      | Reached skill level 6 in Invocations
  2499 | D:4      | Got a dull robe
  2645 | D:4      | Identified the cursed +0 robe of the Sea {MR+ Int+2} (You
                  | found it on level 4 of the Dungeon)
  2684 | D:4      | Reached skill level 8 in Unarmed Combat
  2901 | D:4      | Reached * piety under the Shining One
  2904 | D:4      | Reached skill level 3 in Ice Magic
  3000 | D:4      | Found a shattered altar of Ashenzari.
  3013 | D:4      | Reached skill level 2 in Fighting
  3124 | D:4      | Noticed Duvessa
  3158 | D:3      | Reached skill level 6 in Transmutations
  3430 | D:4      | Noticed Dowan
  3565 | D:4      | Noticed Grinder
  3569 | D:4      | Killed Duvessa
  3569 | D:4      | Reached XP level 8. HP: 31/62 MP: 8/11
  3574 | D:4      | Paralysed by Grinder for 7 turns
  3600 | D:5      | Entered Level 5 of the Dungeon
  3835 | D:4      | Killed Grinder
  3876 | D:4      | Reached skill level 3 in Fighting
  3885 | D:4      | Killed Dowan
  3911 | D:4      | Noticed Blork the orc
  3925 | D:4      | Killed Blork the orc
  4306 | D:5      | Found Tobido's Weapon Emporium.
  4572 | D:5      | Found a snail-covered altar of Cheibriados.
  4580 | D:5      | Fell from the grace of the Shining One
  4580 | D:5      | Became a worshipper of Cheibriados the Contemplative
  4800 | D:5      | Found an iron altar of Okawaru.
  4800 | D:5      | Found a hazy altar of Hepliaklqana.
  4800 | D:5      | Found a basalt altar of Yredelemnul.
  4953 | D:6      | Found a shimmering blue altar of Sif Muna.
  5071 | D:6      | Reached XP level 9. HP: 68/70 MP: 12/12
  5129 | D:6      | Reached * piety under Cheibriados
  5362 | D:6      | Found an ornate altar of the Wu Jian Council.
  5365 | D:6      | Found a stormy altar of Qazlal.
  5878 | D:7      | Found Bosonly's Distillery.
  5885 | D:7      | Bought a potion of heal wounds for 60 gold pieces
  5885 | D:7      | Bought 2 potions of lignification for 72 gold pieces
  5885 | D:7      | Bought a potion of heal wounds for 60 gold pieces
  5885 | D:7      | Bought a potion of might for 48 gold pieces
  5885 | D:7      | Bought a potion of invisibility for 96 gold pieces
  6039 | D:7      | Reached ** piety under Cheibriados
  6102 | D:7      | Found an opulent altar of Gozag.
  6173 | D:7      | Found a sparkling altar of Nemelex Xobeh.
  6333 | D:7      | Found a staircase to the Ecumenical Temple.
  6510 | D:8      | Got a warped ring mail
  6688 | D:8      | Reached skill level 4 in Fighting
  6762 | D:8      | Identified the +6 trident "Lorem Ipsum" {drain, rElec rF+}
  6763 | D:8      | Reached skill level 7 in Transmutations
  7013 | D:8      | Reached *** piety under Cheibriados
  7115 | D:8      | Reached skill level 7 in Invocations
  7340 | D:8      | Reached skill level 9 in Unarmed Combat
  7740 | D:8      | Reached XP level 10. HP: 52/80 MP: 10/14
  7753 | D:8      | Reached skill level 6 in Dodging
  7754 | D:8      | Found a snail-covered altar of Cheibriados.
  7911 | D:8      | Reached skill level 5 in Fighting
  7973 | D:9      | Reached **** piety under Cheibriados
  8096 | D:9      | Learned a level 5 spell: Blade Hands
  8666 | D:10     | Entered Level 10 of the Dungeon
  8666 | D:10     | Noticed Josephine
  8691 | D:10     | Killed Josephine
  8691 | D:10     | Reached skill level 1 in Throwing
  8691 | D:10     | Reached skill level 8 in Transmutations
  8892 | D:10     | Reached ***** piety under Cheibriados
  9063 | D:10     | Found a staircase to the Lair.
  9082 | D:10     | Reached skill level 6 in Fighting
  9246 | D:10     | Noticed Erolcha
  9252 | D:10     | Killed Erolcha
  9252 | D:10     | Reached skill level 2 in Throwing
  9252 | D:10     | Reached XP level 11. HP: 89/89 MP: 9/15
  9299 | D:10     | Noticed Maurice
  9303 | D:10     | Killed Maurice
  9303 | D:10     | Reached skill level 1 in Stealth
  9491 | D:10     | Found a runed translucent gate.
  9491 | D:10     | Found a runed translucent gate.
  9491 | D:10     | Noticed a red ugly thing
  9491 | D:10     | Noticed a purple ugly thing
  9491 | D:10     | Noticed a purple ugly thing
  9492 | D:10     | Found a runed translucent gate.
  9492 | D:10     | Noticed a cyan ugly thing
  9492 | D:10     | Noticed a red very ugly thing
  9495 | D:10     | Noticed a green ugly thing
  9677 | D:11     | Found a stormy altar of Qazlal.
  9829 | D:11     | Found a portal to a secret trove of treasure.
  9847 | D:11     | Noticed a brown ugly thing
  9855 | D:11     | Killed a brown ugly thing
  9855 | D:11     | Reached skill level 7 in Dodging
  9938 | D:11     | Reached skill level 8 in Invocations
 10152 | D:11     | Noticed a brown ugly thing
 10157 | D:11     | Killed a brown ugly thing
 10157 | D:11     | Reached skill level 1 in Evocations
 10433 | D:11     | Reached skill level 2 in Stealth
 10496 | D:11     | Reached skill level 3 in Throwing
 10760 | Lair:1   | Entered Level 1 of the Lair of Beasts
 10911 | Lair:1   | Reached skill level 10 in Unarmed Combat
 10930 | Lair:1   | Found a dark tunnel.
 10940 | Volcano  | Entered a volcano
 11048 | Volcano  | Reached ****** piety under Cheibriados
 11081 | Volcano  | Reached skill level 9 in Transmutations
 11081 | Volcano  | Reached skill level 2 in Poison Magic
 11088 | Volcano  | Reached skill level 2 in Evocations
 11285 | Volcano  | Reached skill level 7 in Fighting
 11286 | Volcano  | Noticed a hell knight
 11579 | Volcano  | Noticed a salamander mystic
 11594 | Volcano  | Killed a hell knight
 11598 | Volcano  | Reached XP level 12. HP: 50/100 MP: 7/17
 11611 | Volcano  | Found a bloodstained altar of Trog.
 11762 | Volcano  | Found a burning altar of Makhleb.
 11946 | Volcano  | Identified the +3 ring mail of Least Resistance {+Fly rC-
                  | MR+ Regen+} (You found it on level 8 of the Dungeon)
 12810 | Lair:2   | Noticed a death yak
 12813 | Lair:2   | Noticed a death yak
 12814 | Lair:2   | Found a staircase to the Swamp.
 12820 | Lair:2   | Noticed a death yak
 12829 | Lair:2   | Found a sacrificial altar of Ru.
 12993 | Lair:2   | Found a frozen archway.
 13005 | IceCv    | Entered an ice cave
 13026 | IceCv    | Reached skill level 3 in Stealth
 13170 | IceCv    | Killed a reaper
 13238 | IceCv    | Reached skill level 4 in Throwing
 13468 | IceCv    | Got a fine demon blade
 13469 | IceCv    | Identified the +9 demon blade "Seudih" {flame, Str-2 Int-3
                  | SInv Stlth+} (You found it in an ice cave)
 13594 | Lair:2   | Killed a death yak
 13594 | Lair:2   | Reached skill level 3 in Evocations
 13605 | Lair:2   | Reached skill level 8 in Dodging
 13827 | Lair:2   | Killed a death yak
 13841 | Lair:2   | Killed a death yak
 14262 | Lair:3   | Reached skill level 3 in Poison Magic
 14304 | Lair:3   | Noticed a four-headed hydra
 14316 | Lair:3   | Killed a four-headed hydra
 14316 | Lair:3   | Reached skill level 9 in Invocations
 14402 | Lair:3   | Reached skill level 8 in Fighting
 14416 | Lair:3   | Learned a level 4 spell: Olgreb's Toxic Radiance
 14467 | Lair:3   | Reached XP level 13. HP: 73/107 MP: 18/18
 15038 | Lair:4   | Reached skill level 4 in Stealth
 15077 | Lair:4   | Found a staircase to the Snake Pit.
 15181 | Lair:4   | Reached skill level 5 in Throwing
 15192 | Lair:4   | Reached skill level 10 in Transmutations
 15192 | Lair:4   | Reached skill level 4 in Evocations
 15228 | Lair:4   | Noticed Kirke
 15246 | Lair:4   | Killed Kirke
 15273 | Lair:4   | Reached skill level 4 in Spellcasting
 16260 | Lair:5   | Reached skill level 11 in Unarmed Combat
 16637 | Lair:6   | Entered Level 6 of the Lair of Beasts
 16637 | Lair:6   | Found a staircase to the Slime Pits.
 16645 | Lair:5   | Reached skill level 9 in Dodging
 16906 | Lair:6   | Reached skill level 4 in Poison Magic
 16922 | Lair:6   | Reached skill level 9 in Fighting
 16928 | Lair:6   | Reached skill level 5 in Stealth
 16949 | Lair:6   | Reached XP level 14. HP: 27/118 MP: 2/20
 16949 | Lair:6   | Reached skill level 6 in Throwing
 17007 | Lair:6   | Reached skill level 5 in Evocations
 17043 | Lair:6   | Identified a scroll of acquirement
 17052 | Lair:6   | Identified the amulet of Fedhas's Favour {Harm *Drain +Fly
                  | rPois rF+} (You acquired it on level 6 of the Lair of
                  | Beasts)
 17263 | Lair:6   | Found a transporter.
 17303 | Lair:6   | Noticed Ewnywnom's ghost (journeyman OpTm)
 17320 | Lair:6   | Found a transporter.
 17328 | Lair:6   | Learned a level 3 spell: Frozen Ramparts
 18162 | D:12     | Found a staircase to the Orcish Mines.
 18410 | Orc:1    | Entered Level 1 of the Orcish Mines
 18562 | Orc:2    | Entered Level 2 of the Orcish Mines
 18571 | Orc:2    | Noticed a stone giant
 18581 | Orc:2    | Killed a stone giant
 18714 | Orc:2    | Found an iron altar of Okawaru.
 18732 | Orc:2    | Noticed Nergalle
 18790 | Orc:1    | Killed Nergalle
 18898 | Orc:1    | Reached skill level 5 in Spellcasting
 19081 | Orc:1    | Reached skill level 10 in Invocations
 19129 | Orc:2    | Noticed Saint Roka
 19494 | Orc:2    | Killed from afar by Saint Roka

Levels and vault maps discovered:
D:1:      lightli_arrival_boilingwater, layout_basic, minmay_misc_feat_cross,
          minmay_statues_item, minmay_box_of_dots
D:2:      layout_rooms, nicolae_tso_swordbearing_angel,
          chequers_ecumenical_altar_grove, first_ration, uniq_natasha,
          uniq_jessica
D:3:      layout_basic, grunt_temple_overflow_order_and_chaos_2
D:4:      layout_basic, evilmike_ruin_ashenzari, uniq_duvessa, uniq_grinder,
          uniq_blork_the_orc
D:5:      layout_cave_pods, cheibriados_altar_1, minitemple, serial_shops,
          kennysheep_mini, st_stairs_4
D:6:      layout_loops_corners, chequers_temple_overflow_statue_of_worship,
          old_standard_altar, dk_rats_in_the_wall
D:7:      layout_loops_cross, nemelex_xobeh_ov_fountains_minmay,
          nicolae_gozag_cash_rules_everything_around_me,
          minmay_temple_entry_offerings, serial_shops, shop
D:8:      layout_loops_ring, david_nohive_1, lemuel_centaur_altar
D:9:      layout_long_grid, minmay_misc_feat_five
D:10:     layout_loops_ring, due_lair_maze_entry_diamond,
          ploomutoo_gammafunk_ghost_potion_laboratory, kennysheep_pointless_box,
          uniq_josephine, uniq_maurice, uniq_erolcha
D:11:     layout_gridville, nicolae_trove_entry_crossroad, basic_altar,
          worms_lemuel
D:12:     layout_irregular_city, orc_0_dummy
Lair:1:   layout_loops_ring, enter_volcano_3, grunt_megastairs_2,
          lemuel_fruit_tree
Lair:2:   layout_regular_city, skrybe_swamp_entry_bodies, basic_altar,
          portal_ice_cave_entry_ice_beasts, serial_bayou_shore_b,
          grunt_megastairs_5
Lair:3:   layout_concentric_octagons
Lair:4:   layout_cave_pods, minmay_snake_entry_six_corridors, uniq_kirke
Lair:5:   layout_cave_pods
Lair:6:   minmay_lair_end_enchanted_forest, layout_misc_corridors, slime_dummy,
          gammafunk_ghost_berserking_beasts
Orc:1:    layout_caves
Orc:2:    grunt_orc_cross, layout_diamond_mine, okawaru_metal_pillars_1_2

Skill      XL: |  1  2  3  4  5  6  7  8  9 10 11 12 13 14 |
---------------+-------------------------------------------+-----
Spellcasting   | 2 3 4 5 |  5.1
Transmutations | 2 5 6 7 8 9 10 | 10.2
Unarmed Combat | 4 7 8 9 10 11 | 11.5
Poison Magic   | 1 2 3 4 |  4.6
Invocations    | 5 6 7 8 9 10 | 10.0
Dodging        | 5 6 7 8 9 |  9.6
Ice Magic      | 2 3 |  3.0
Fighting       | 2 3 4 6 7 8 9 |  9.5
Throwing       | 2 3 4 5 6 |  6.5
Stealth        | 2 3 5 |  5.0
Evocations     | 2 3 4 5 |  5.3
Armour         | |  0.2

Action                   |  1- 3 |  4- 6 |  7- 9 | 10-12 | 13-15 || total
-------------------------+-------+-------+-------+-------+-------++-------
Melee: Unarmed           |    71 |    81 |   381 |   413 |   363 ||  1309
       Headbutt          |    11 |     6 |    35 |   134 |   103 ||   289
       Kick              |     4 |       |       |       |       ||     4
       Punch             |       |     1 |     6 |    25 |    34 ||    66
Throw: Dart              |       |       |     1 |    30 |    20 ||    51
       Boomerang         |       |       |       |       |    17 ||    17
       Throwing net      |       |       |       |       |     1 ||     1
 Cast: Beastly Appendage |     4 |     1 |       |       |       ||     5
       Spider Form       |     1 |     3 |    13 |     3 |       ||    20
       Ice Form          |       |       |     7 |     1 |     2 ||    10
       Sticks to Snakes  |       |       |     1 |       |       ||     1
       Blade Hands       |       |       |       |    28 |    26 ||    54
       Olgreb's Toxic Ra |       |       |       |       |     6 ||     6
       Frozen Ramparts   |       |       |       |       |     3 ||     3
Invok: Slouch            |       |       |       |     2 |     5 ||     7
 Abil: End Transformatio |       |       |     2 |       |     2 ||     4
Evoke: Wand              |       |       |     1 |    12 |     3 ||    16
       Lamp of fire      |       |       |       |     1 |     1 ||     2
  Use: Scroll            |       |     8 |     4 |    17 |     9 ||    38
       Potion            |       |     2 |       |     1 |     6 ||     9
 Stab: Sleeping          |       |       |     1 |     5 |     7 ||    13
       Betrayed ally     |       |       |       |     1 |       ||     1
       Distracted        |       |       |       |       |     3 ||     3
  Eat: Chunk             |       |     6 |    16 |    15 |    19 ||    56
       Ration            |       |       |       |     2 |       ||     2
Armor: Robe              |    19 |     7 |    22 |    14 |       ||    62
       Skin              |     2 |     2 |    18 |    11 |     4 ||    37
       Ring mail         |       |       |       |    28 |    68 ||    96
Dodge: Dodged            |    57 |    62 |   281 |   346 |   434 ||  1180

Table legend:
 A = Non-vault XP
 B = Vault XP
 C = Vault XP percentage of total XP
 D = Non-vault monster count
 E = Vault monster count
 F = Vault count percentage of total count
                 A         B        C        D         E       F
            +---------+---------+-------+---------+---------+-------
      Total |   48736 |   34224 |  41.3 |     416 |     204 |  32.9
            +---------+---------+-------+---------+---------+-------
        D:1 |      48 |       5 |   9.4 |      25 |       3 |  10.7
        D:2 |     176 |      72 |  29.0 |      18 |       2 |  10.0
        D:3 |     117 |       0 |   0.0 |      13 |       0 |   0.0
        D:4 |     995 |     579 |  36.8 |      45 |       4 |   8.2
        D:5 |     278 |       0 |   0.0 |       9 |       0 |   0.0
        D:6 |     448 |     118 |  20.8 |      12 |      21 |  63.6
        D:7 |     219 |       0 |   0.0 |      15 |       0 |   0.0
        D:8 |    1152 |    1732 |  60.1 |      31 |      20 |  39.2
        D:9 |     895 |     217 |  19.5 |      18 |       1 |   5.3
       D:10 |    1431 |    3968 |  73.5 |      16 |      13 |  44.8
       D:11 |    3354 |     618 |  15.6 |      27 |       3 |  10.0
       D:12 |    3114 |       0 |   0.0 |      21 |       0 |   0.0
     Lair:1 |    1165 |     290 |  19.9 |       7 |       2 |  22.2
     Lair:2 |    5237 |    2147 |  29.1 |      17 |      13 |  43.3
     Lair:3 |    6017 |       0 |   0.0 |      26 |       0 |   0.0
     Lair:4 |    5049 |    4785 |  48.7 |      17 |      20 |  54.1
     Lair:5 |    5921 |       0 |   0.0 |      15 |       0 |   0.0
     Lair:6 |    6366 |    7952 |  55.5 |      23 |      44 |  65.7
      Orc:1 |    2469 |     940 |  27.6 |      31 |       2 |   6.1
      Orc:2 |    4285 |    2516 |  37.0 |      30 |      19 |  38.8
      IceCv |       0 |    3473 | 100.0 |       0 |      21 | 100.0
    Volcano |       0 |    4812 | 100.0 |       0 |      16 | 100.0
            +---------+---------+-------+---------+---------+-------
